Map: Abyssal Reef LE

Players

Neeb

  • Race: Protoss Protoss
  • Spawn Location: 5:00

TYTY (TY) - Winner!

  • Race: Terran Terran
  • Spawn Location: 11:00

Event: IEM XI Katowice - World Championship 2017

VOD

https://www.youtube.com/watch?v=18ds7-StmPU&t=3s

Description

Time

  • Played on: March 2, 2017, 5:30 a.m.
  • Length: 7:50

All games in this series

Show
View Real Time Build Order
Export as new Build Order

Neeb Protoss 

Build Orders: 1 Gate Expand, Colossus Rush 

Get SALT Encoding   

  12  0:00  Probe (Chrono Boost)  
  13  0:11  Probe (Chrono Boost)  
  14  0:17  Pylon  
  14  0:22  Probe (Chrono Boost)  
  15  0:35  Probe (Chrono Boost)  
  16  0:37  Gateway  
  16  0:45  Probe (Chrono Boost)  
  16  0:47  Assimilator  
  17  0:56  Probe (Chrono Boost)  
  18  1:07  Probe (Chrono Boost)  
  19  1:19  Nexus  
  19  1:22  Probe (Chrono Boost)  
  20  1:32  Cybernetics Core  
  20  1:35  Probe (Chrono Boost)  
  21  1:43  Assimilator  
  21  1:46  Probe (Chrono Boost)  
  22  1:50  Pylon  
  22  1:56  Probe (Chrono Boost)  
  23  2:05  Adept  
  23  2:08  Warp Gate  
  23  2:10  Probe (Chrono Boost)  
  28  2:25  Mothership Core (Chrono Boost)  
  28  2:29  Adept  
  28  2:31  Probe (Chrono Boost)  
  30  2:42  Probe (Chrono Boost)  
  32  2:44  Probe (Chrono Boost)  
  32  2:46  Pylon  
  32  2:52  Robotics Facility, Probe (Chrono Boost)  
  32  2:56  Probe (Chrono Boost)  
  34  3:03  Probe (Chrono Boost)  
  35  3:07  Probe (Chrono Boost)  
  36  3:13  Probe (Chrono Boost)  
  36  3:17  Probe (Chrono Boost)  
  36  3:18  Gateway  
  38  3:21  Gateway  
  38  3:24  Probe (Chrono Boost)  
  39  3:28  Probe (Chrono Boost)  
  40  3:35  Probe (Chrono Boost)  
  40  3:38  Probe (Chrono Boost)  
  39  3:45  Probe (Chrono Boost)  
  39  3:47  Robotics Bay  
  40  3:49  Probe (Chrono Boost)  
  40  3:51  Assimilator  
  40  3:52  Observer  
  40  3:54  Assimilator  
  42  3:56  Probe (Chrono Boost)  
  42  4:00  Pylon, Probe (Chrono Boost)  
  44  4:06  Probe (Chrono Boost)  
  45  4:11  Observer  
  45  4:12  Probe (Chrono Boost)  
  45  4:14  Stalker  
  50  4:17  Probe (Chrono Boost), Stalker  
  53  4:25  Probe (Chrono Boost), Stalker  
  53  4:27  Probe (Chrono Boost), Warp Prism  
  56  4:39  Probe (Chrono Boost)  
  56  4:44  Probe (Chrono Boost)  
  56  4:50  Stalker  
  58  4:53  Pylon  
  58  4:56  Probe (Chrono Boost)  
  58  4:57  Probe (Chrono Boost), Extended Thermal Lance  
  60  5:04  Colossus  
  60  5:13  Probe (Chrono Boost)  
  68  5:14  Probe (Chrono Boost)  
  68  5:19  Twilight Council  
  68  5:24  Pylon, Probe (Chrono Boost)  
  70  5:29  Probe (Chrono Boost)  
  70  5:36  Nexus  
  72  5:43  Probe (Chrono Boost)  
  72  5:44  Probe (Chrono Boost), Sentry  
  72  5:45  Adept  
  72  5:46  Adept  
  78  6:08  Pylon  
  78  6:12  Pylon  
  78  6:15  Pylon  
  78  6:23  Colossus  
  78  6:28  Probe (Chrono Boost), Stalker x2  
  78  6:30  Mothership Core (Chrono Boost)  
  78  6:31  Stalker  
  94  6:40  Probe (Chrono Boost)  
  94  6:49  Probe (Chrono Boost)  
  94  6:52  Probe (Chrono Boost)  
  90  6:54  Stalker x3  
  90  6:56  Probe (Chrono Boost)  
  97  7:01  Probe (Chrono Boost)  
  97  7:04  Probe (Chrono Boost)  
  97  7:05  Pylon  
  97  7:06  Pylon  
  97  7:07  Probe (Chrono Boost)  
  98  7:14  Probe (Chrono Boost)  
  88  7:30  Stalker x3  
  88  7:35  Gateway  
  88  7:37  Gateway  
  94  7:38  Gateway  
Show
View Real Time Build Order
Export as new Build Order

TYTY Terran - Winner!

Build Orders: Reaper Expand, MMM Bio 

Get SALT Encoding   

  12  0:00  SCV  
  13  0:12  SCV  
  14  0:17  Supply Depot  
  14  0:24  SCV  
  15  0:29  Refinery  
  15  0:39  SCV  
  16  0:44  Barracks  
  16  0:51  SCV  
  17  1:03  SCV  
  18  1:15  SCV  
  19  1:32  Reaper, Orbital Command  
  20  1:45  Command Center  
  20  1:58  Factory  
  20  2:00  SCV  
  21  2:06  Barracks Reactor  
  21  2:11  Supply Depot  
  21  2:14  SCV  
  22  2:22  Engineering Bay  
  22  2:27  SCV  
  23  2:39  SCV  
  24  2:44  Starport  
  24  2:45  Refinery  
  24  2:49  Marine  
  26  2:51  SCV  
  26  2:58  Orbital Command  
  26  3:00  Widow Mine  
  26  3:02  Marine  
  26  3:03  SCV  
  30  3:07  Marine  
  31  3:16  SCV  
  31  3:19  Marine  
  32  3:21  Medivac  
  32  3:23  SCV  
  32  3:25  Marine  
  37  3:29  Widow Mine  
  37  3:33  SCV  
  40  3:35  SCV  
  40  3:37  Marine  
  40  3:43  Marine  
  40  3:45  SCV  
  40  3:46  Barracks  
  42  3:48  Barracks  
  42  3:49  SCV  
  43  3:57  Starport Tech Lab, SCV  
  43  4:01  Supply Depot, SCV  
  45  4:04  Factory Tech Lab, Refinery  
  45  4:10  SCV  
  46  4:19  Supply Depot  
  46  4:21  Supply Depot  
  46  4:23  Siege Tank, SCV x2  
  51  4:28  Marine  
  51  4:30  Marine  
  53  4:35  SCV  
  53  4:38  SCV  
  53  4:43  Liberator  
  53  4:44  Marine  
  54  4:46  Marine  
  54  4:47  SCV  
  54  4:50  Supply Depot  
  54  4:51  Marine x2  
  58  4:54  Combat Shields  
  58  4:55  Siege Tank  
  58  4:56  SCV  
  58  4:59  SCV  
  61  5:04  Marine  
  66  5:08  Supply Depot, SCV  
  66  5:10  Marine x2  
  69  5:14  SCV  
  69  5:15  Barracks Tech Lab  
  69  5:18  Supply Depot  
  69  5:21  SCV  
  69  5:22  Marine  
  69  5:26  Supply Depot  
  69  5:27  SCV  
  69  5:28  Marine, Siege Tank  
  76  5:30  Marine  
  76  5:34  Stimpack  
  78  5:36  SCV  
  78  5:41  Supply Depot  
  80  5:46  Starport Reactor  
  80  5:47  SCV  
  80  5:48  SCV  
  82  5:52  Marine x2  
  82  5:53  Marauder x2  
  85  6:00  SCV x2  
  85  6:10  Supply Depot  
  85  6:11  Engineering Bay  
  85  6:12  Marine, SCV x2  
  85  6:13  Marine  
  85  6:14  Factory Reactor  
  91  6:18  Marauder  
  91  6:21  Marauder, Command Center  
  91  6:25  Medivac x2  
  96  6:27  SCV x2  
  98  6:39  Marine x2  
  100  6:41  Missile Turret  
  100  6:44  Marauder x2  
  104  6:57  Marine x2  
  106  7:02  Widow Mine, Medivac  
  106  7:03  Widow Mine  
  106  7:04  Marine x2  
  114  7:10  SCV x2  
  114  7:12  Barracks  
  114  7:14  Barracks  
  113  7:18  Marine x2  
  113  7:21  Missile Turret  
  115  7:23  Marauder  
  115  7:26  Marauder  
  113  7:30  SCV  

Tags
 
Add a new tag
Caveats
  • Supply blocks, unpowered buildings, or Contaminate may cause inaccurate times.
  • Supply counts are checked every 10 seconds.